 Dungeon Crawl Stone Soup version 0.19.0 (webtiles) character file.

137010 PurpleRed the Executioner (level 16, -1/170 HPs)
             Began as a Minotaur Chaos Knight on Nov 12, 2016.
             Slain by a frost giant
             ... wielding a +0 battleaxe of freezing
              (26 damage)
             ... on level 2 of the Depths.
             The game lasted 01:10:37 (29112 turns).

PurpleRed the Executioner (Minotaur Chaos Knight)  Turns: 29112, Time: 01:10:37

Health: -1/170     AC: 34    Str: 31 (32) XL:     16   Next: 68%
Magic:  16/16      EV: 15    Int: 13      God:    Xom [....*.]
Gold:   1960       SH:  8    Dex: 13      Spells: 2 memorised, 11 levels left

rFire  + . .     SeeInvis .     E - +0 war axe (flame)
rCold  + . .     Gourm    .     m - +7 plate armour of Compression {rF+}
rNeg   . . .     Faith    .     (no shield)
rPois  +         Spirit   .     (helmet restricted)
rElec  .         Reflect  .     x - +2 cloak {rPois}
rCorr  .         Harm     .     J - +2 pair of gloves {Str+3}
MR     +....     Clarity  +     H - +0 pair of boots
Stlth  ..........               k - amulet of rage
                                y - ring of ice
                                e - +4 ring of strength

@: exhausted, slowed, very slow
A: retaliatory headbutt, fangs 1, hooves 1, horns 2, large bone plates 3,
camouflage 1, agile 1, clarity, clever 2, deterioration 1, fire resistance 1,
high mp 1, poison resistance, robust 1, strong 1, no device heal 1
a: Renounce Religion, Evoke Berserk Rage


You were on level 2 of the Depths.
You worshipped Xom.
You were a beloved toy of Xom.
You were not hungry.

You visited 4 branches of the dungeon, and saw 25 of its levels.
You also visited: Labyrinth.

You collected 3953 gold pieces.
You spent 1993 gold pieces at shops.

Inventory:

Hand Weapons
 j - a +0 blowgun
 B - a +0 battleaxe
 E - a +0 war axe of flaming (weapon)
Missiles
 h - 13 curare-tipped needles
 Q - 2 throwing nets (quivered)
Armour
 m - the +7 plate armour of Compression (worn) {rF+}
   (You bought it in a shop on level 15 of the Dungeon)

   It protects you from fire.
 p - a +1 plate armour of magic resistance
 x - a +2 cloak of poison resistance (worn)
 H - a +0 pair of boots (worn)
 J - a +2 pair of gloves of strength (worn)
Jewellery
 e - a +4 ring of strength (left hand)
 f - an uncursed ring of see invisible
 k - an amulet of rage (around neck)
 y - a ring of ice (right hand)
 F - an uncursed ring of flight
 I - an uncursed ring of resist corrosion
Wands
 a - a wand of lightning (5/15)
 o - a wand of disintegration (13/24)
 v - a wand of enslavement (13/24)
 w - a wand of polymorph (3/24)
 C - a wand of digging (6/24)
 W - a wand of heal wounds (1/9)
 Y - a wand of iceblast (10/15)
Scrolls
 b - 6 scrolls of identify
 d - 6 scrolls of fear
 g - 4 scrolls of enchant weapon
 q - 10 scrolls of remove curse
 t - 9 scrolls of magic mapping
 A - 8 scrolls of teleportation
 G - 8 scrolls of fog
 M - 3 scrolls of recharging
 P - a scroll of brand weapon
 R - 2 scrolls of immolation
 V - 2 scrolls of enchant armour
 X - a scroll of silence
 Z - a scroll of blinking
Potions
 i - 3 potions of flight
 l - 2 potions of agility
 n - a potion of cure mutation
 r - a potion of might
 u - 3 potions of lignification
 z - 2 potions of haste
 K - a potion of ambrosia
 L - a potion of berserk rage
 O - a potion of beneficial mutation {unknown}
 T - 3 potions of curing
 U - a potion of invisibility
Miscellaneous
 N - 2 boxes of beasts
Comestibles
 c - 14 bread rations
 s - 12 fruits
 D - 7 meat rations
 S - 3 chunks of flesh


   Skills:
 + Level 17.2 Fighting
 - Level 21.1 Axes
 + Level 17.6 Armour
 + Level 11.6 Dodging


You had 11 spell levels left.
You knew the following spells:

 Your Spells              Type           Power        Failure   Level  Hunger
a - Blink                 Tloc           N/A          99%         2    ###....
b - Repel Missiles        Chrm/Air       #.....       99%         2    ###....


Dungeon Overview and Level Annotations

Branches:
Dungeon (15/15)            Temple (0/1) D:7            Lair (6/6) D:8
 Shoals (0/4) Lair:2        Snake (0/4) Lair:4        Slime (0/5) Lair:5
    Orc (2/2) D:11            Elf (0/3) Orc:2        Vaults (0/5) D:13
 Depths (2/5) D:15

Altars:
Ashenzari
Cheibriados
Dithmenos
Elyvilon
Fedhas
Gozag
Okawaru
Qazlal
Uskayaw
Xom
Beogh
Jiyva

Shops:
D:6 =   D:9 }   D:15 [   Orc:2 ([?%(

Portals:
Hell: Depths:1 Depths:2
Pandemonium: Depths:1


Innate Abilities, Weirdness & Mutations

You reflexively headbutt those who attack you in melee.
You have a pair of horns on your head.
You have very sharp teeth.
You have large cloven feet.
You are completely covered in large bone plates. (SH +8)
Your skin changes colour to match your surroundings (Stealth+).
You are agile. (Dex +2)
You possess an exceptional clarity of mind.
Your mind is very acute. (Int +4)
Your body sometimes deteriorates upon taking damage.
Your flesh is heat resistant. (rF+)
You have an increased reservoir of magic. (+10% MP)
Your system is resistant to poisons. (rPois)
You are robust. (+10% HP)
Your muscles are strong. (Str +2)
Potions and wands are less effective at restoring your health.


Message History

Your body deteriorates!
You feel weakened.
You hit the frost giant but do no damage.
You headbutt the frost giant!
The frost giant is moderately wounded.
The frost giant hits you with a battleaxe of freezing!
The frost giant freezes you.
You slash the frost giant! You burn the frost giant!
You headbutt the frost giant!!
The frost giant is severely wounded.
The frost giant gestures at you while chanting.
The bolt of cold hits you! You resist.
* * * LOW HITPOINT WARNING * * *
You hit the frost giant. You burn the frost giant. You bite the frost giant.
The frost giant is severely wounded.
The frost giant hits you with a battleaxe of freezing!
* * * LOW HITPOINT WARNING * * *
You hit the frost giant. You burn the frost giant.
The frost giant is severely wounded.
The frost giant hits you with a battleaxe of freezing!!
You die...

#.......### .#
#⌠.##'.#.⌠# .# ..
#.........# .###
.#####....)).#####...#
.#...#.......#...#...#
.#...'..._).)C..(#...#
.#...#......)#(..#..<#
..####.......####C...#
....#....(....#§@§§..#
.....⌠.#.'#..⌠#§§§§..#
....####...####§..§..#
##.........(.........#
#.....#...#.........#
#####.##'#..........#
#...............#
#################


You could see a frost giant.

Vanquished Creatures
  3 fire giants (Depths:2)
  A spriggan defender (Depths:2)
  4 very ugly things (Depths:1)
  The ghost of moogleknight the Cleaver, a journeyman DsGl of Makhleb (D:13)
  3 stone giants
  The ghost of hyperkramin the Severer, a journeyman HOBe of Trog (Orc:2)
  Nessos (D:14)
  3 dire elephants (Lair:6)
  6 ettins
  A yaktaur captain (D:15)
  A minotaur (Lab)
  The ghost of abeheron the Archer, a journeyman CeAM of Ru (D:12)
  An ogre mage (D:15)
  2 ice dragons
  Fannar (Lair:2)
  2 great orbs of eyes (Depths:1)
  A rakshasa (D:15)
  6 vault guards (D:13)
  7 hydras
  A spriggan air mage (Depths:2)
  An anaconda (Lair:6)
  A death knight (D:15)
  An alligator (D:13)
  2 deep troll shamans
  6 centaur warriors
  4 deep troll earth magi (Depths:1)
  A vampire mage (Depths:2)
  A spriggan berserker (Depths:2)
  2 tengu warriors
  Sonja (D:11)
  A skeletal warrior (D:15)
  An iron troll (Lair:6)
  10 deep trolls
  A glowing orange brain (Depths:1)
  7 unseen horrors
  Pikel (D:5)
  An orc knight (Orc:1)
  3 hill giants
  5 harpies (D:15)
  A deep elf mage (D:13)
  An oklob plant (Lair:2)
  A faun (D:10)
  5 cyclopes
  A wolf spider (Lair:6)
  32 ugly things
  4 manticores
  10 orc sorcerers
  Maurice (Orc:2)
  12 elephants
  8 black mambas
  10 spiny frogs
  Psyche (D:8)
  A torpor snail (Lair:6)
  2 rime drakes
  10 komodo dragons
  3 freezing wraiths
  3 yaktaurs
  2 meliai (D:13)
  2 polar bears
  5 two-headed ogres
  A polar bear (shapeshifter) (Depths:1)
  6 trolls
  12 hippogriffs
  A minotaur skeleton (Lab)
  8 slime creatures
  6 blink frogs
  A blink frog (shapeshifter) (Depths:2)
  A raiju (shapeshifter) (D:13)
  Sigmund (D:2)
  2 shadows
  A vampire (D:14)
  40 yaks
  An air elemental (Depths:2)
  3 wyverns
  8 water elementals
  3 hogs (D:8)
  A wraith (D:15)
  A human (D:8)
  4 basilisks
  4 hungry ghosts
  2 vampire mosquitoes (D:13)
  A mottled dragon (D:13)
  2 nagas (Lair:4)
  7 wargs
  10 water moccasins
  A soldier ant (D:14)
  2 hell hounds (D:8)
  9 porcupines
  18 orc warriors
  A sky beast (D:15)
  5 ice beasts
  A slave (D:5)
  2 phantoms
  2 black bears
  12 ogres
  6 wolves
  The ghost of moogleknight the Chopper, an amateur DsGl (D:3)
  14 centaurs
  3 big kobolds
  12 crocodiles
  12 bullfrogs
  A wyvern skeleton (D:10)
  6 scorpions
  11 killer bees
  5 wights (D:13)
  5 electric eels
  7 howler monkeys
  A troll skeleton (Lab)
  A bullfrog zombie (D:5)
  3 centaur zombies
  5 crimson imps
  Crazy Yiuf (D:3)
  2 bullfrog skeletons
  3 centaur skeletons
  7 hounds
  A jelly (D:13)
  A quasit (D:6)
  8 orc priests
  Ijyb (D:2)
  A gnoll shaman (D:5)
  A hound (shapeshifter) (Orc:2)
  Jessica (D:2)
  41 orc wizards
  An iguana (shapeshifter) (D:3)
  3 iguanas
  8 worker ants
  A killer bee zombie (D:10)
  A hound zombie (D:8)
  2 hound skeletons
  A worker ant zombie (D:11)
  11 gnolls
  13 adders
  A river rat (Orc:2)
  2 shadow imps
  3 oozes
  2 worms
  2 adder skeletons
  A dart slug (D:2)
  6 leopard geckos
  70 orcs
  A giant cockroach (D:5)
  15 goblins
  5 hobgoblins
  19 kobolds
  3 quokkas
  2 bats
  12 frilled lizards
  A jackal skeleton (D:7)
  A leopard gecko skeleton (D:5)
  2 leopard gecko zombies (D:8)
  2 quokka skeletons
  10 rats
  2 bushes (D:2)
  3 fungi
  6 plants
765 creatures vanquished.

Vanquished Creatures (collateral kills)
  A tengu warrior (D:15)
  An orc knight (Orc:2)
  A cyclops (D:13)
  A hog (D:8)
  A crocodile (Lair:2)
  A howler monkey (D:8)
  2 orcs
  A goblin (D:2)
  A butterfly (Lair:1)
10 creatures vanquished.

Vanquished Creatures (others)
  A meliai (D:13)
  13 fungi
  7 plants
21 creatures vanquished.

Grand Total: 796 creatures vanquished

Notes
Turn   | Place    | Note
-------+----------+-------------------------------------------
     0 | D:1      | PurpleRed the Minotaur Chaos Knight began the quest for the Orb.
     0 | D:1      | Reached XP level 1. HP: 19/19 MP: 0/0
   137 | D:1      | Reached skill level 4 in Axes
   206 | D:1      | XOM: harmless Divn miscast
   212 | D:1      | Reached XP level 2. HP: 24/27 MP: 1/1
   431 | D:1      | XOM: give mutation
   431 | D:1      | Gained mutation: Your magical capacity is low. (-10% MP) [Xom's mischief]
   807 | D:2      | Noticed Ijyb
   811 | D:2      | Killed Ijyb
   811 | D:2      | Reached XP level 3. HP: 33/34 MP: 1/1
   857 | D:2      | Reached skill level 5 in Axes
   871 | D:2      | Noticed Sigmund
   874 | D:2      | XOM: summons friendly white imp
   878 | D:2      | Killed Sigmund
   878 | D:2      | Reached skill level 6 in Axes
   878 | D:2      | Reached XP level 4. HP: 41/41 MP: 2/2
   878 | D:2      | Reached XP level 5. HP: 47/47 MP: 3/3
   938 | D:2      | XOM: summons 2 hostile demons
  1073 | D:2      | XOM: god gift: scroll labeled HEZIOW OGOPTIR {god gift}
  1176 | D:2      | Reached skill level 7 in Axes
  1176 | D:2      | Reached XP level 6. HP: 43/53 MP: 4/4
  1253 | D:2      | XOM: scenery: 1 doors close
  1415 | D:3      | Noticed Jessica
  1415 | D:3      | Noticed moogleknight's ghost (amateur DsGl)
  1427 | D:3      | XOM: divination: detect items
  1443 | D:3      | XOM: noise
  1451 | D:3      | XOM: enchant monster (good)
  1456 | D:3      | XOM: divination: detect creatures
  1467 | D:2      | Killed Jessica
  1698 | D:3      | XOM: fog
  1709 | D:3      | Killed moogleknight's ghost
  1830 | D:3      | XOM: give mutations
  1830 | D:3      | Gained mutation: You have sharp toenails. [Xom's grace]
  1830 | D:3      | Gained mutation: Your spells are a little harder to cast, but a little more powerful. [Xom's grace]
  1830 | D:3      | Gained mutation: You possess an exceptional clarity of mind. [Xom's grace]
  1830 | D:3      | Gained mutation: Your flesh is heat resistant. (rF+) [Xom's grace]
  1994 | D:3      | Found a snail-covered altar of Cheibriados.
  1994 | D:3      | Found a blossoming altar of Fedhas.
  1995 | D:3      | Noticed Robin
  2006 | D:3      | Reached skill level 8 in Axes
  2008 | D:3      | Robin changed into Robin the iguana
  2044 | D:3      | Reached XP level 7. HP: 54/60 MP: 5/5
  2050 | D:3      | XOM: give mutation
  2050 | D:3      | Lost mutation: You have sharp toenails. [Xom's mischief]
  2129 | D:3      | Found a runed door.
  2601 | D:3      | XOM: 2-stop teleportation journey
  2613 | D:3      | Noticed Crazy Yiuf
  2618 | D:3      | Killed Crazy Yiuf
  2618 | D:3      | Reached skill level 5 in Armour
  2825 | D:3      | XOM: scenery: create altars
  2844 | D:3      | XOM: harmless Necr miscast
  3285 | D:4      | Found a hide-covered altar of Uskayaw.
  3653 | D:4      | XOM: medium Chrm miscast
  3716 | D:4      | XOM: harmless Ice miscast
  3865 | D:5      | Entered Level 5 of the Dungeon
  3925 | D:5      | Reached skill level 9 in Axes
  3960 | D:5      | XOM: harmless Erth miscast
  3992 | D:5      | Found a stormy altar of Qazlal.
  4061 | D:5      | Noticed Pikel
  4067 | D:5      | XOM: swap monsters
  4084 | D:5      | XOM: swap monsters
  4100 | D:5      | XOM: cast spell 'Alistair's Intoxication'
  4107 | D:5      | XOM: harmless Erth miscast
  4108 | D:5      | Killed Pikel
  4108 | D:5      | Reached skill level 10 in Axes
  4108 | D:5      | Reached XP level 8. HP: 41/67 MP: 6/6
  4365 | D:5      | XOM: enchant monster (good)
  4368 | D:5      | Reached skill level 11 in Axes
  4382 | D:5      | XOM: 2-stop teleportation journey
  4465 | D:5      | XOM: give mutations
  4465 | D:5      | Lost mutation: Your magical capacity is low. (-10% MP) [Xom's mischief]
  4465 | D:5      | Gained mutation: Potions and wands are less effective at restoring your health. [Xom's mischief]
  4465 | D:5      | Gained mutation: You are frail. (-10% HP) [Xom's mischief]
  4494 | D:5      | XOM: give mutations
  4494 | D:5      | Gained mutation: You occasionally shout uncontrollably at your foes. [Xom's mischief]
  4494 | D:5      | Lost mutation: You are frail. (-10% HP) [Xom's mischief]
  4494 | D:5      | Gained mutation: Scrolls take you a little longer to read. [Xom's mischief]
  4525 | D:5      | XOM: harmless Ice miscast
  4579 | D:5      | XOM: cloud trail
  4616 | D:5      | XOM: give mutation
  4616 | D:5      | Gained mutation: Your system is resistant to poisons. (rPois) [Xom's grace]
  5143 | D:6      | XOM: give mutations
  5143 | D:6      | Gained mutation: You are partially covered in large bone plates. (SH +4) [Xom's grace]
  5143 | D:6      | Gained mutation: You have large cloven feet. [Xom's grace]
  5186 | D:6      | XOM: scenery: 1 doors open
  5188 | D:6      | Found Pevogg's Jewellery Emporium.
  5300 | D:6      | XOM: 6-stop teleportation journey
  5448 | D:6      | Reached XP level 9. HP: 70/73 MP: 8/8
  5450 | D:6      | Reached skill level 5 in Fighting
  5494 | D:6      | Reached skill level 12 in Axes
  5519 | D:6      | XOM: blink monster(s)
  5703 | D:6      | XOM: harmless Pois miscast
  6118 | D:7      | XOM: silly message
  6195 | D:7      | Found a staircase to the Ecumenical Temple.
  6638 | D:8      | Found a shattered altar of Ashenzari.
  6641 | D:8      | Found an iron altar of Okawaru.
  6644 | D:8      | Found a stormy altar of Qazlal.
  6726 | D:8      | XOM: cast spell 'Call Canine Familiar'
  6984 | D:8      | Reached skill level 13 in Axes
  7016 | D:8      | Noticed Psyche
  7025 | D:8      | Killed Psyche
  7038 | D:8      | Found a staircase to the Lair.
  7086 | D:8      | XOM: noise
  7108 | D:8      | XOM: cast spell 'Summon Small Mammal'
  7124 | D:8      | XOM: divination: detect creatures
  7353 | D:8      | XOM: divination: magic mapping
  7360 | D:8      | Reached XP level 10. HP: 83/88 MP: 9/9
  7360 | D:8      | XOM: summons friendly crimson imp
  7364 | D:8      | Reached skill level 14 in Axes
  7368 | D:8      | XOM: polymorph crimson imp -> quasit
  7413 | D:8      | XOM: polymorph quasit -> iron imp
  7784 | D:9      | Found Qehuiwkur's Quality Used Wands.
  7796 | D:9      | XOM: confuse monster(s)
  7806 | D:9      | XOM: confuse monster(s)
  7944 | D:9      | XOM: polymorph yak -> black bear
  7945 | D:9      | XOM: scenery: 1 doors open
  7946 | D:9      | XOM: fake destruction
  8117 | D:9      | XOM: scenery: 1 doors open
  8421 | D:10     | Entered Level 10 of the Dungeon
  8452 | D:10     | Reached skill level 15 in Axes
  8500 | D:10     | Killed an unseen horror
  8720 | D:10     | Found a stormy altar of Qazlal.
  8762 | D:10     | Noticed a hill giant
  8768 | D:10     | Noticed a faun
  8768 | D:10     | a hill giant changed into a faun
  8768 | D:10     | XOM: polymorph hill giant -> faun
  8772 | D:10     | Killed a faun
  9053 | D:10     | XOM: give mutations
  9053 | D:10     | Lost mutation: You possess an exceptional clarity of mind. [Xom's mischief]
  9053 | D:10     | Gained mutation: Your skin changes colour to match your surroundings (Stealth+). [Xom's mischief]
  9275 | D:10     | XOM: god gift: 35 gold pieces
  9340 | D:10     | Noticed a white ugly thing
  9350 | D:10     | Killed a white ugly thing
  9350 | D:10     | Reached skill level 16 in Axes
  9350 | D:10     | Reached XP level 11. HP: 73/99 MP: 10/10
  9516 | D:11     | Noticed a hill giant
  9522 | D:11     | Killed a hill giant
  9666 | D:11     | Killed an unseen horror
  9947 | D:11     | XOM: give mutations
  9947 | D:11     | Lost mutation: You occasionally shout uncontrollably at your foes. [Xom's mischief]
  9947 | D:11     | Lost mutation: Your spells are a little harder to cast, but a little more powerful. [Xom's mischief]
 10036 | D:11     | Noticed Sonja
 10083 | D:11     | Killed Sonja
 10224 | D:11     | Found a staircase to the Orcish Mines.
 10250 | D:11     | XOM: god gift: box of beasts
 10264 | D:11     | XOM: god gift: 45 gold pieces
 10273 | D:11     | Reached skill level 17 in Axes
 10445 | D:11     | XOM: cast spell 'Ring of Flames'
 10698 | D:12     | Found a labyrinth entrance.
 10710 | Lab      | Entered a labyrinth
 10781 | Lab      | XOM: harmless Erth miscast
 10802 | Lab      | Found an exit through the horrors of the Abyss.
 10830 | Lab      | XOM: harmless Tloc miscast
 10844 | Lab      | XOM: cast spell 'Excruciating Wounds'
 10863 | Lab      | Noticed a minotaur
 10864 | Lab      | XOM: noise
 10871 | Lab      | XOM: confuse monster(s)
 10880 | Lab      | Killed a minotaur
 10920 | Lab      | Identified the Compendium of the Traveller
 10926 | Lab      | Identified the Grimoire of Space
 11009 | D:12     | XOM: mild Pois miscast
 11067 | D:12     | Killed an unseen horror
 11067 | D:12     | Reached skill level 10 in Armour
 11144 | D:12     | XOM: butterfly on damage
 11147 | D:12     | Noticed abeheron's ghost (journeyman CeAM)
 11167 | D:12     | XOM: severe Necr miscast
 11172 | D:12     | XOM: harmless Tmut miscast
 11177 | D:12     | XOM: harmless Divn miscast
 11178 | D:12     | XOM: summons 2 hostile demons
 11181 | D:12     | Noticed a hill giant
 11187 | D:12     | HP: 3/99 [killer bee (3)]
 11555 | D:12     | XOM: confusion
 11558 | D:12     | XOM: butterfly on damage
 11668 | D:11     | XOM: medium Tloc miscast
 11843 | D:12     | XOM: blink monster(s)
 11848 | D:12     | Killed a hill giant
 11848 | D:12     | Reached skill level 18 in Axes
 11848 | D:12     | Reached XP level 12. HP: 70/106 MP: 11/11
 11978 | D:12     | XOM: divination: detect creatures
 11984 | D:12     | XOM: severe Erth miscast
 12032 | D:12     | XOM: summons friendly crimson imp
 12051 | D:12     | XOM: summons friendly quasit
 12114 | D:11     | XOM: mild Chrm miscast
 12470 | Lair:1   | Entered Level 1 of the Lair of Beasts
 12561 | Lair:1   | XOM: potion effect (agility)
 12567 | Lair:1   | XOM: enchant monster (good)
 12599 | Lair:1   | XOM: potion effect (haste)
 12617 | Lair:1   | XOM: harmless Erth miscast
 12726 | Lair:1   | XOM: cloud trail
 12760 | Lair:1   | XOM: god gift: scroll of vulnerability
 12895 | Lair:1   | Reached skill level 10 in Fighting
 13262 | Lair:1   | XOM: summons friendly crimson imp
 13851 | Lair:2   | XOM: silly message
 13896 | Lair:2   | Gained mutation: You are robust. (+10% HP) [potion of mutation]
 13939 | Lair:2   | XOM: scenery: create altars
 14188 | Lair:2   | Noticed Fannar
 14204 | Lair:2   | XOM: summons friendly shadow imp
 14206 | Lair:2   | XOM: potion effect (brilliance)
 14212 | Lair:2   | Found a staircase to the Shoals.
 14227 | Lair:2   | Killed Fannar
 14227 | Lair:2   | Reached skill level 19 in Axes
 14474 | Lair:2   | XOM: fake destruction
 14631 | Lair:2   | XOM: give mutations
 14631 | Lair:2   | Gained mutation: Your muscles are strong. (Str +2) [Xom's grace]
 14631 | Lair:2   | Gained mutation: You have a pair of large horns on your head. [Xom's grace]
 14766 | Lair:2   | Noticed a four-headed hydra
 14768 | Lair:2   | XOM: enchant monster (good)
 14793 | Lair:2   | Killed a four-headed hydra
 14806 | Lair:2   | XOM: god gift: royal jelly
 14876 | Lair:2   | XOM: 8-stop teleportation journey
 14939 | Lair:2   | Found an opulent altar of Gozag.
 15131 | Lair:2   | Noticed a four-headed hydra
 15139 | Lair:2   | XOM: summons friendly shadow imp
 15152 | Lair:2   | Killed a seven-headed hydra
 15155 | Lair:2   | XOM: polymorph shadow imp -> iron imp
 15546 | Lair:2   | XOM: god gift: 18 sling bullets
 15557 | Lair:2   | Noticed a seven-headed hydra
 15563 | Lair:2   | Killed a seven-headed hydra
 15563 | Lair:2   | Reached XP level 13. HP: 119/127 MP: 12/12
 15790 | Lair:3   | XOM: 2-stop teleportation journey
 15876 | Lair:3   | XOM: enchant monster (good)
 16052 | Lair:3   | XOM: give mutations
 16052 | Lair:3   | Gained mutation: You are mostly covered in large bone plates. (SH +6) [Xom's grace]
 16052 | Lair:3   | Gained mutation: You are completely covered in large bone plates. (SH +8) [Xom's grace]
 16052 | Lair:3   | Gained mutation: Your mind is acute. (Int +2) [Xom's grace]
 16073 | Lair:3   | XOM: destruction
 16076 | Lair:3   | XOM: summons friendly white imp
 16081 | Lair:3   | XOM: god gift: 63 gold pieces
 16247 | Lair:3   | XOM: summons friendly shadow imp
 16392 | Lair:3   | XOM: give mutations
 16392 | Lair:3   | Gained mutation: Your muscles are very strong. (Str +4) [Xom's grace]
 16392 | Lair:3   | Gained mutation: Your mind is very acute. (Int +4) [Xom's grace]
 16392 | Lair:3   | Gained mutation: You have hoof-like feet. [Xom's grace]
 16392 | Lair:3   | Gained mutation: You have an increased reservoir of magic. (+10% MP) [Xom's grace]
 16418 | Lair:3   | XOM: polymorph shadow imp -> quasit
 16492 | Lair:3   | XOM: harmless Pois miscast
 16679 | Lair:3   | XOM: medium Pois miscast
 16681 | Lair:3   | Reached skill level 20 in Axes
 17022 | Lair:4   | XOM: enchant monster (bad)
 17134 | Lair:4   | Found a staircase to the Snake Pit.
 17176 | Lair:4   | XOM: 2-stop teleportation journey
 17323 | Lair:4   | XOM: god gift: ivory wand {god gift}
 17373 | Lair:4   | XOM: harmless Divn miscast
 17538 | Lair:4   | You fall through a shaft for 2 floors!
 17538 | Lair:6   | Entered Level 6 of the Lair of Beasts
 17616 | Lair:6   | XOM: give mutations
 17616 | Lair:6   | Gained mutation: Your natural rate of healing is unusually fast. [Xom's grace]
 17616 | Lair:6   | Gained mutation: You possess an exceptional clarity of mind. [Xom's grace]
 17677 | Lair:6   | XOM: smoke on damage
 17704 | Lair:6   | XOM: confuse monster(s)
 17817 | Lair:6   | XOM: enchant monster (good)
 17886 | Lair:6   | XOM: 1-stop teleportation journey
 17930 | Lair:6   | XOM: divination: detect items
 18050 | Lair:6   | XOM: scenery: create altars
 18071 | Lair:6   | XOM: cleaving
 18164 | Lair:6   | XOM: enchant monster (good)
 18177 | Lair:6   | XOM: destruction
 18188 | Lair:6   | XOM: smoke on damage
 18228 | Lair:5   | Got a polished hand axe
 18229 | Lair:5   | Identified the cursed +1 hand axe of the Weasel {freeze, rF+ Str-4 Int+3} (You found it on level 5 of the Lair of Beasts)
 18306 | Lair:5   | Found a viscous altar of Jiyva.
 18307 | Lair:5   | Found a staircase to the Slime Pits.
 18346 | Lair:5   | XOM: divination: magic mapping
 18347 | Lair:5   | XOM: fog
 18722 | Lair:5   | XOM: cloud trail
 18875 | Lair:6   | XOM: god gift: 4 javelins of penetration
 19016 | Lair:6   | XOM: cleaving
 19021 | Lair:6   | XOM: destruction
 19132 | Lair:6   | XOM: harmless Divn miscast
 19147 | Lair:6   | Noticed a dire elephant
 19151 | Lair:6   | XOM: chaos cloud
 19159 | Lair:6   | Killed a dire elephant
 19257 | Lair:6   | Noticed a dire elephant
 19260 | Lair:6   | a dire elephant changed into an iron troll
 19260 | Lair:6   | XOM: polymorph dire elephant -> iron troll
 19282 | Lair:6   | XOM: chaos cloud
 19288 | Lair:6   | Reached skill level 21 in Axes
 19288 | Lair:6   | Reached XP level 14. HP: 97/139 MP: 14/14
 19357 | Lair:6   | Gained mutation: Your body sometimes deteriorates upon taking damage. [mutagenic glow]
 19380 | Lair:6   | XOM: enchant monster (bad)
 19384 | Lair:6   | XOM: summons 1 hostile demon
 19397 | Lair:6   | XOM: summons 5 hostile demons
 19409 | Lair:6   | XOM: scenery: 1 doors close
 19414 | Lair:6   | HP: 4/139 [smoke demon/divine providence[Xom] (11)]
 19533 | Lair:6   | XOM: mild Ice miscast
 19573 | Lair:6   | XOM: medium Fire miscast
 20041 | Orc:1    | Entered Level 1 of the Orcish Mines
 20114 | Orc:1    | XOM: 1-stop teleportation journey
 20115 | Orc:1    | XOM: noise
 20211 | Orc:2    | Entered Level 2 of the Orcish Mines
 20240 | Orc:2    | Noticed hyperkramin's ghost (journeyman HOBe)
 20242 | Orc:2    | XOM: divination: detect creatures
 20425 | Orc:2    | XOM: god gift: potion of berserk rage
 20431 | Orc:2    | Killed hyperkramin's ghost
 20763 | Orc:2    | Noticed Maurice
 20770 | Orc:2    | Paralysed by an orc sorcerer for 6 turns
 20788 | Orc:2    | Killed Maurice
 20804 | Orc:2    | Found Xoff's Magic Scroll Boutique.
 20804 | Orc:2    | Found Muklurol's Armour Shoppe.
 20820 | Orc:2    | XOM: polymorph something unseen -> hound
 20828 | Orc:2    | XOM: smoke on damage
 20835 | Orc:2    | XOM: polymorph orc wizard -> river rat
 20885 | Orc:2    | Found a roughly hewn altar of Beogh.
 20904 | Orc:2    | Found Zuliych's Food Shoppe.
 20927 | Orc:2    | Found Duboplea's Weapon Boutique.
 20972 | Orc:2    | Bought a +1 plate armour of magic resistance for 560 gold pieces
 20990 | Orc:2    | Found Bompoici's Antique Weapon Emporium.
 21000 | Orc:2    | Bought a battleaxe for 201 gold pieces
 21000 | Orc:2    | Found a staircase to the Elven Halls.
 21226 | Orc:2    | XOM: cast spell 'Ice Form'
 21351 | Orc:2    | XOM: smoke on damage
 21391 | Orc:2    | XOM: god gift: 56 gold pieces
 21445 | Orc:1    | XOM: fake destruction
 21446 | Orc:1    | XOM: cleaving
 21591 | Orc:1    | XOM: god gift: 1090 gold pieces
 21804 | D:12     | Learned a level 2 spell: Blink
 21807 | D:12     | Learned a level 2 spell: Repel Missiles
 21891 | D:12     | XOM: divination: detect items
 21898 | D:12     | Killed abeheron's ghost
 21902 | D:12     | Reached skill level 5 in Dodging
 21998 | D:12     | XOM: smoke on damage
 22050 | D:12     | XOM: give mutation
 22050 | D:12     | Gained mutation: You have very sharp teeth. [Xom's grace]
 22449 | D:13     | XOM: cast spell 'Necromutation'
 22584 | D:13     | Found a gate to the Vaults.
 22586 | D:13     | XOM: divination: detect creatures
 22587 | D:13     | XOM: enchant monster (good)
 22592 | D:13     | XOM: divination: detect items
 22595 | D:13     | XOM: stat loss: -1 Str (30/33)
 22614 | D:13     | XOM: fake destruction
 22615 | D:13     | XOM: smoke on damage
 22646 | D:13     | XOM: torment (21/145 hp)
 22651 | D:13     | XOM: enchant monster (bad)
 22657 | D:13     | XOM: fake destruction
 22709 | D:13     | XOM: scenery: create altars
 22810 | D:13     | XOM: 2-stop teleportation journey
 22814 | D:13     | XOM: polymorph vault guard -> alligator
 22968 | D:13     | Noticed moogleknight's ghost (journeyman DsGl)
 22976 | D:13     | XOM: enchant monster (good)
 23018 | D:13     | XOM: scenery: create altars
 23030 | D:13     | XOM: smoke on damage
 23038 | D:13     | Killed moogleknight's ghost
 23038 | D:13     | Reached skill level 15 in Armour
 23261 | D:13     | XOM: cast spell 'Summon Butterflies'
 23387 | D:13     | XOM: give mutation
 23387 | D:13     | Lost mutation: You have a pair of large horns on your head. [Xom's mischief]
 23482 | D:13     | Reached XP level 15. HP: 107/152 MP: 15/15
 23567 | D:13     | XOM: chaos cloud
 23579 | D:13     | XOM: 6-stop teleportation journey
 23620 | D:13     | XOM: mild Necr miscast
 23873 | D:14     | Found a shadowy altar of Dithmenos.
 23974 | D:14     | XOM is BORED!
 23974 | D:14     | XOM: medium Conj miscast
 24564 | D:14     | Noticed Nessos
 24571 | D:14     | Killed Nessos
 24731 | D:15     | Entered Level 15 of the Dungeon
 24747 | D:15     | Found Vaafob's Antique Armour Boutique.
 24750 | D:15     | Bought an ancient plate armour for 896 gold pieces
 24760 | D:15     | Identified the +7 plate armour of Compression {rF+} (You bought it in a shop on level 15 of the Dungeon)
 24760 | D:15     | Bought a glowing cloak for 336 gold pieces
 24860 | D:15     | XOM: noise
 24902 | D:15     | XOM: mild Divn miscast
 24986 | D:15     | XOM: harmless Erth miscast
 24988 | D:15     | Reached skill level 15 in Fighting
 24999 | D:15     | XOM: summons friendly white imp
 25110 | D:15     | XOM: swap monsters
 25160 | D:15     | XOM: mild Conj miscast
 25575 | D:15     | Found a staircase to the Depths.
 25603 | D:15     | XOM: give mutations
 25603 | D:15     | Lost mutation: Your natural rate of healing is unusually fast. [Xom's mischief]
 25603 | D:15     | Lost mutation: You have hoof-like feet. [Xom's mischief]
 25603 | D:15     | Lost mutation: Scrolls take you a little longer to read. [Xom's mischief]
 26246 | Depths:1 | Entered Level 1 of the Depths
 26249 | Depths:1 | XOM: summons friendly shadow imp
 26431 | D:15     | XOM: cast spell 'Death Channel'
 26620 | D:15     | XOM is BORED!
 26620 | D:15     | XOM: medium Air miscast
 26740 | Depths:1 | Paralysed by a great orb of eyes for 3 turns
 26742 | Depths:1 | XOM: confuse monster(s)
 26897 | Depths:1 | Found a gateway to Hell.
 26906 | Depths:1 | Reached skill level 10 in Dodging
 26907 | Depths:1 | XOM: potion effect (curing)
 26910 | Depths:1 | Reached XP level 16. HP: 129/166 MP: 16/16
 26912 | Depths:1 | XOM: potion effect (haste)
 26927 | Depths:1 | Found a one-way gate leading to the halls of Pandemonium.
 27128 | Depths:1 | XOM: cast spell 'Dragon Form'
 27253 | Depths:1 | Found a shimmering altar of Xom.
 27255 | Depths:1 | Found a white marble altar of Elyvilon.
 27255 | Depths:1 | Found a white marble altar of Elyvilon.
 27257 | Depths:1 | Found a glowing silver altar of Zin.
 27257 | Depths:1 | Found a snail-covered altar of Cheibriados.
 27257 | Depths:1 | Found a shimmering altar of Xom.
 27360 | Depths:1 | XOM: swap monsters
 27362 | Depths:1 | XOM: give mutation
 27362 | Depths:1 | Gained mutation: You are agile. (Dex +2) [Xom's grace]
 27364 | Depths:1 | XOM: harmless Conj miscast
 27550 | Depths:1 | XOM: swap monsters
 27787 | Depths:1 | XOM: 2-stop teleportation journey
 27789 | Depths:1 | XOM: potion effect (agility)
 27791 | Depths:1 | XOM: polymorph brown ugly thing -> four-headed hydra
 28014 | Depths:1 | You fall through a shaft!
 28258 | Depths:2 | XOM: give mutation
 28258 | Depths:2 | Lost mutation: Your muscles are very strong. (Str +4) [Xom's mischief]
 28285 | Depths:2 | XOM: summons 8 hostile demons
 28288 | Depths:2 | XOM: mild Chrm miscast
 28289 | Depths:2 | XOM: divination: detect creatures
 28298 | Depths:2 | XOM: divination: magic mapping
 28658 | Depths:2 | XOM: cleaving
 28748 | Depths:2 | XOM: scenery: create altars
 28762 | Depths:2 | XOM: fake destruction
 28765 | Depths:2 | XOM: 1-stop teleportation journey
 28844 | Depths:2 | Found a shattered altar of Ashenzari.
 28941 | Depths:2 | XOM: polymorph centaur -> scorpion
 28968 | Depths:2 | XOM: summons friendly iron imp
 29082 | Depths:2 | XOM: enchant monster (good)
 29108 | Depths:2 | XOM: fog
 29112 | Depths:2 | Slain by a frost giant

Skill      XL: |  1  2  3  4  5  6  7  8  9 10 11 12 13 14 15 16 |
---------------+-------------------------------------------------+-----
Axes           | 4 6 7 8 10 11 13 16 18 19 21 | 21.1
Fighting       | 4 7 9 11 12 14 16 17 | 17.2
Armour         | 3 4 6 7 10 11 13 15 16 17 | 17.6
Dodging        | 6 10 11 | 11.6

Action                   |  1- 3 |  4- 6 |  7- 9 | 10-12 | 13-15 | 16-18 || total
-------------------------+-------+-------+-------+-------+-------+-------++-------
Melee: Hand axe          |    53 |   159 |   404 |    20 |       |       ||   636
       Headbutt          |     3 |    36 |    90 |   160 |   365 |    79 ||   733
       Kick              |       |     7 |    62 |     9 |       |       ||    78
       War axe           |       |       |       |   638 |  1272 |   232 ||  2142
       Quarterstaff      |       |       |       |    14 |     4 |       ||    18
       Bite              |       |       |       |       |    95 |    38 ||   133
       Unarmed           |       |       |       |       |       |     6 ||     6
Throw: Javelin           |       |       |       |     1 |       |       ||     1
       Throwing net      |       |       |       |     1 |       |       ||     1
 Abil: Evoke Berserk Rag |       |       |       |       |       |     1 ||     1
Evoke: Wand              |       |       |       |    10 |     2 |       ||    12
  Use: Potion            |     1 |       |       |     7 |     5 |       ||    13
       Scroll            |       |     8 |    12 |    16 |    10 |     4 ||    50
 Stab: Paralysed         |       |       |     9 |       |     1 |     1 ||    11
       Confused          |       |       |     3 |     2 |     5 |       ||    10
       Petrified         |       |       |     1 |     6 |       |       ||     7
       Distracted        |       |       |     1 |     1 |     2 |     1 ||     5
       Petrifying        |       |       |       |       |     1 |       ||     1
  Eat: Chunk             |       |     4 |    17 |    14 |    25 |     5 ||    65
       Fruit             |       |       |       |    11 |     8 |     4 ||    23
       Beef jerky        |       |       |       |     3 |       |       ||     3
       Pizza             |       |       |       |     3 |     4 |       ||     7
       Royal jelly       |       |       |       |     1 |       |       ||     1
Armor: Leather armour    |    14 |       |       |       |       |       ||    14
       Chain mail        |     3 |    71 |    42 |       |       |       ||   116
       Plate armour      |       |       |    95 |   439 |   655 |   116 ||  1305
       Skin              |       |       |       |       |       |     2 ||     2
Dodge: Dodged            |    25 |    48 |    93 |   197 |   384 |   102 ||   849
Block: Other             |       |       |    26 |   112 |   377 |    60 ||   575
